AoeStats
← eivind_gw

Arabia

506705940Analyzed
1v1 RM · 19d ago on Sep 14, 2026· 61m 18s· 2 players
Game mode
Random Map
Map size
Tiny (2 player)
Population
200
Speed
Normal
Resources
Standard
Victory
Conquest
Starting age
Dark Age
Ending age
Imperial Age
RankedLock teamsTeams togetherTeam positionsShared explorationLock speedFull tech treeHidden civsTurbo modeCheats
Victory
Defeat
🇩🇪 Lithuanians · Germany
1278
+14
🇳🇴 Ethiopians · Norway
1244
-14
eivind_gw
6:11 Loom
8:50 Feudal Age
9:39 Man-at-Arms
10:05 Double-Bit Axe
20:43 Castle Age
19:06 Horse Collar
19:16 Gold Mining
21:13 Fletching
20:46 Crossbowman
21:56 Bow Saw
23:18 Bodkin Arrow
35:10 Imperial Age
34:24 Ballistics
36:53 Wheelbarrow
36:25 Bracer
37:57 Chemistry
39:47 Thumb Ring
40:02 Squires
41:33 Two-Man Saw
42:34 Masonry
43:36 Heavy Plow
44:23 Halberdier
46:15 Arbalester
49:02 Architecture
49:02 Scale Mail Armor
49:23 Hand Cart
48:54 Town Watch
49:41 Forging
49:59 Chain Mail Armor
49:47 Padded Archer Armor
52:08 Conscription
53:34 Plate Mail Armor
53:40 Iron Casting
54:36 Leather Archer Armor
59:11 Ring Archer Armor
59:45 Blast Furnace
59:39 Torsion Engines
60:01 Siege Engineers
59:51 Murder Holes
h1dr00n
5:56 Loom
9:18 Feudal Age
12:51 Horse Collar
13:01 Double-Bit Axe
17:49 Wheelbarrow
21:30 Castle Age
20:34 Bloodlines
20:40 Forging
25:59 Scale Barding Armor
34:38 Chain Barding Armor
38:59 Imperial Age
36:50 Fletching
37:01 Padded Archer Armor
37:12 Elite Skirmisher
38:33 Thumb Ring
38:34 Bodkin Arrow
39:45 Bracer
40:00 Leather Archer Armor
41:15 Chemistry
40:39 Cavalier
42:01 Hill Forts
42:19 Tower Shields
47:03 Husbandry
48:51 Ring Archer Armor
50:01 Heavy Plow
50:48 Plate Barding Armor
49:52 Light Cavalry
51:57 Hill Forts
53:45 Iron Casting
53:39 Ballistics
52:49 Paladin
56:46 Conscription
56:22 Winged Hussar
59:11 Crop Rotation
59:24 Capped Ram
Connection lost

Rejoining the realm…

Still unreachable

The connection could not be restored.

Session expired

The server has moved on; the page needs a fresh start.